 Dungeon Crawl Stone Soup version 0.31-a0-210-gccc998df9b (webtiles) character file.

Game seed: 3730471534676731722

81 qw the Chopper (level 4, -5/28 HPs)
             Began as a Gargoyle Fighter on June 30, 2023.
             Slain by a gnoll
             ... wielding a +0 halberd
              (8 damage)
             ... on level 3 of the Dungeon.
             The game lasted 00:01:05 (1811 turns).

qw the Chopper (Gargoyle Fighter)                   Turns: 1811, Time: 00:01:06

Health: -5/28      AC: 10    Str: 22    XL:     4   Next: 40%
Magic:  4/4        EV:  9    Int:  8    God:
Gold:   182        SH:  4    Dex:  9    Spells: 3/3 levels left

rFire   . . .        Y - +0 war axe
rCold   . . .        c - +0 buckler
rNeg    + . .        b - +0 scale mail
rPois   inf          (no helmet)
rElec   +            (no cloak)
rCorr   .            (no gloves)
SInv    .            (no boots)
Will    .....        (no amulet) Stlth
                     (no ring)
HPRegen 0.24/turn    (no ring)
MPRegen 0.09/turn

%: no passive effects
@: no status effects
A: sickness immunity, AC +3, negative energy resistance 1, electricity
resistance, torment resistance 1, petrification resistance
a: no special abilities


You were on level 3 of the Dungeon.
You visited 1 branch of the dungeon, and saw 3 of its levels.

You collected 182 gold pieces.


Innate Abilities, Weirdness & Mutations

You are immune to sickness and miasma.
Your stone body is resilient. (AC +3)
You are immune to poison.
You resist negative energy. (rN+)
You are resistant to electric shocks. (rElec)
You are resistant to unholy torment.
You are immune to petrification.


   Skills:
 - Level 3.2 Fighting
 + Level 4.1 Axes
 - Level 3.2 Armour
 - Level 3.2 Shields


You had 3 spell levels left.
You didn't know any spells.
Your spell library was empty.

Inventory:

Hand Weapons
 m - a +0 mace
 Y - a +0 war axe (weapon)
Armour
 b - a +0 scale mail (worn)
 c - a +0 buckler (worn)
Jewellery
 g - a ring of fire
Scrolls
 a - a scroll of identify
Potions
 d - 2 potions of might
 e - a potion of degeneration {unknown}
 f - a potion of curing {unknown}
 h - a potion of haste {unknown}
 i - a potion of magic
 l - a potion of lignification

Dungeon Overview and Level Annotations

Branches:
Dungeon (3/15)

Altars:


Message History

The ball python is heavily wounded.
The ball python bites you but does no damage.
The ball python constricts you.
The ball python bites you but does no damage.
The ball python constricts you.
You slash the ball python!
You kill the ball python!
You barely miss the frilled lizard.
You block the frilled lizard's attack. x2
You hit the frilled lizard.
You kill the frilled lizard!
Things that are here:
a frilled lizard corpse; a ball python corpse A gnoll comes into view.
It is wielding a +0 halberd.
Enter note:
Found a stone staircase leading down.
Enter note: A gnoll comes into view. It is wielding a +0 halberd.
Found a stone staircase leading up.
The gnoll shouts!
Enter note:
Enter note: The gnoll hits you from afar with a +0 halberd!
The gnoll barely misses you.
Enter note:
Enter note: The gnoll barely misses you.
The gnoll closely misses you.
You slash the gnoll!
The gnoll is severely wounded.
The gnoll hits you from afar with a +0 halberd!
The gnoll barely misses you.
You slash the gnoll!
You kill the gnoll!
The gnoll closely misses you. The gnoll hits you but does no damage.
The gnoll hits you with a +0 halberd!
A gnoll comes into view. It is wielding a +0 whip.
You barely miss the gnoll.
The gnoll shouts!
The gnoll hits you with a +0 halberd!
You die...

### .g. #.# #.#
######g#
.#.#<.).@.#
..........#
.#.######.# #.#
##########.#
#..........#
#######...## #..
#########.###
#..............#


You could see 2 gnolls.

Vanquished Creatures
  A gnoll (D:3)
  A worm (D:2)
  2 dart slugs
  4 ball pythons
  9 bats
  7 endoplasms
  2 giant cockroaches
  3 hobgoblins
  6 jackals
  A quokka (D:1)
  A frilled lizard (D:3)
  7 goblins (D:1)
  9 kobolds
  7 rats
60 creatures vanquished.

Notes
Turn   | Place    | Note
-------+----------+-------------------------------------------
     0 | D:1      | qw the Gargoyle Fighter began the quest for the Orb.
     0 | D:1      | Reached XP level 1. HP: 14/14 MP: 1/1
     0 | D:1      | 0 ||| qw: Version: 0.3-a-26-gee661ec
     0 | D:1      | 0 ||| qw: Game counter: 7267
     0 | D:1      | 0 ||| qw: Melee chars always use a shield: true
     0 | D:1      | 0 ||| qw: God list: Okawaru
     0 | D:1      | 0 ||| qw: Allow faded altars: false
     0 | D:1      | 0 ||| qw: Do Orc after clearing Dungeon:15 true
     0 | D:1      | 0 ||| qw: Do second Lair branch before Depths: true
     0 | D:1      | 0 ||| qw: Lair rune preference: random
     0 | D:1      | 0 ||| qw: Goals: Normal, Zot:1-4, Slime:5, God:TSO, Crypt,
                  | Tomb, Abyss, Pan, Hells, Win
     0 | D:1      | 0 ||| PLANNING D:1-11
    18 | D:1      | 18 ||| Stepping ~*~*~tactically~*~*~ (hiding).
    29 | D:1      | Reached skill level 2 in Axes
    73 | D:1      | Reached XP level 2. HP: 19/19 MP: 2/2
   122 | D:1      | 122 ||| Stepping ~*~*~tactically~*~*~ (stealth).
   124 | D:1      | 124 ||| Stepping ~*~*~tactically~*~*~ (stealth).
   239 | D:1      | Reached skill level 3 in Axes
   240 | D:1      | 240 ||| DROPPING +0 club.
   261 | D:1      | Reached XP level 3. HP: 23/23 MP: 3/3
   432 | D:1      | 432 ||| Stepping ~*~*~tactically~*~*~ (hiding).
   591 | D:1      | 591 ||| READING scroll labelled UNUHELE OM JIW.
   797 | D:2      | 797 ||| DROPPING +0 whip.
   804 | D:2      | 804 ||| Stepping ~*~*~tactically~*~*~ (stealth).
  1043 | D:2      | Reached XP level 4. HP: 20/28 MP: 4/4
  1358 | D:2      | 1358 ||| Stepping ~*~*~tactically~*~*~ (stealth).
  1359 | D:2      | 1359 ||| Stepping ~*~*~tactically~*~*~ (stealth).
  1558 | D:2      | 1558 ||| READING scroll labelled WYCRIDUAGG.
  1559 | D:2      | 1559 ||| READING scroll labelled ETHRUT DURU.
  1560 | D:2      | 1560 ||| READING scroll labelled AZXUTZYIFU.
  1561 | D:2      | 1561 ||| DRINKING 2 grey potions.
  1562 | D:2      | 1562 ||| DRINKING 2 emerald potions.
  1763 | D:3      | Reached skill level 4 in Axes
  1810 | D:3      | HP: 3/28 [gnoll/+0 halberd (10)]
  1811 | D:3      | Slain by a gnoll

Levels and vault maps discovered:
D:1:      dpeg_arrival_rhombus, layout_rooms, moated_statue
D:2:      layout_basic
D:3:      layout_basic, dreamdust_ecumenical_altar_hidden_monk_grotto,
          minmay_misc_feat_hallway

Skill      XL: |  1  2  3  4 |
---------------+-------------+-----
Axes           | 2 3 4 |  4.1
Fighting       | |  3.2
Armour         | |  3.2
Shields        | |  3.2

Action                     |  1- 3 |  4- 6 || total
---------------------------+-------+-------++-------
  Melee: War axe           |   120 |    31 ||   151
    Use: Scroll            |     1 |     3 ||     4
         Potion            |       |     2 ||     2
 Armour: Scale mail        |    53 |    13 ||    66
  Dodge: Dodged            |    66 |    16 ||    82
  Block: Buckler           |    22 |     5 ||    27

Table legend:
 A = Non-vault XP
 B = Vault XP
 C = Vault XP percentage of total XP
 D = Non-vault monster count
 E = Vault monster count
 F = Vault count percentage of total count
                 A         B        C        D         E       F
            +---------+---------+-------+---------+---------+-------
      Total |     116 |       0 |   0.0 |      60 |       0 |   0.0
            +---------+---------+-------+---------+---------+-------
        D:1 |      55 |       0 |   0.0 |      33 |       0 |   0.0
        D:2 |      41 |       0 |   0.0 |      22 |       0 |   0.0
        D:3 |      20 |       0 |   0.0 |       5 |       0 |   0.0
            +---------+---------+-------+---------+---------+-------
